 Dungeon Crawl Stone Soup version 0.31.0-32-g396128a36d (webtiles) character file.

Game seed: 9121673466680997510

1022 Alphaeus the Ruffian (level 8, 0/94 (112) HPs)
             Began as a Troll Shapeshifter on Mar 20, 2024.
             Slain by a wight
             ... wielding a +4 battleaxe
              (11 damage)
             ... on level 6 of the Dungeon.
             The game lasted 00:05:38 (3931 turns).

Alphaeus the Ruffian (Troll Shapeshifter)           Turns: 3931, Time: 00:05:39

HP:   0/94 (112)    AC: 24    Str: 25    XL:     8   Next: 2%
MP:   7/7           EV:  1    Int:  6    God:
Gold: 359           SH:  0    Dex: 15    Spells: 7/7 levels left

rFire   . .          .
                       - Unarmed
rCold   . . .        (no shield)
rNeg    . . .        a - melded +0 animal skin
rPois   +            (helmet currently unavailable)
rElec   .            (cloak currently unavailable)
rCorr   .            (gloves unavailable)
SInv    .            (boots unavailable)
Will    .....        (no amulet)
Stlth   +            k - +6 ring of dexterity
HPRegen 1.15/turn    (no ring)
MPRegen 0.10/turn

%: no passive effects
@: tree-form, heavily drained, invisible
A: stationary, stasis, torment immunity, boosted hp, large, unfitting armour,
(claws 3), regeneration 1, (shaggy fur 1), (tough skin 1)
a: no special abilities


You were on level 6 of the Dungeon.
You were a tree.
You visited 1 branch of the dungeon, and saw 6 of its levels.

You collected 359 gold pieces.

Inventory:

Armour
 a - a +0 animal skin (melded)
Jewellery
 k - a +6 ring of dexterity (left branch)
 q - a ring of protection from fire
Talismans
 c - a beast talisman
 d - a flux talisman
Wands
 t - a wand of charming (8)
Scrolls
 e - a scroll of brand weapon {unknown}
 f - 2 scrolls of fog {unknown}
 h - a scroll of immolation
 i - a scroll of summoning {unknown}
 j - 4 scrolls of identify {unknown}
 o - a scroll of revelation {unknown}
 s - 2 scrolls of teleportation {unknown}
 u - a scroll of fear {unknown}
 v - a scroll of torment {unknown}
 w - a scroll of acquirement {unknown}
Potions
 g - a potion of invisibility
 l - 3 potions of degeneration {unknown}
 m - a potion of brilliance {unknown}
 n - a potion of cancellation {unknown}
 p - a potion of attraction {unknown}
 r - 5 potions of curing {unknown}
 x - a potion of mutation {unknown}


   Skills:
 + Level 3.3 Fighting
 - Level 1.5 Dodging
 * Level 6.5 Unarmed Combat
 * Level 6.1 Shapeshifting


You had 7 spell levels left.
You didn't know any spells.
Your spell library contained the following spells:

 Spells                   Type           Power      Damage    Failure   Level
 Apportation              Tloc           0%         N/A       45%         1
 Necrotise                Necr           0%         1d4       45%         1
 Sting                    Conj/Alch      0%         1d3       45%         1
 Summon Small Mammal      Summ           0%         N/A       45%         1
 Sublimation of Blood     Necr           0%         N/A       58%         2
 Tukima's Dance           Hex            0%         N/A       83%         3
 Dimensional Bullseye     Hex/Tloc       0%         N/A       99%         4
 Iskenderun's Mystic Bla  Conj/Tloc      0%         2d3       99%         4
 Petrify                  Alch/Erth      0%         N/A       99%         4
 Irradiate                Conj/Alch      0%         3d11      100%        5


Dungeon Overview and Level Annotations

Branches:
Dungeon (6/15)
 Temple: D:4-7

Altars:
Gozag
Makhleb
Ru
The Shining One

Annotations:
D:1 2 transporters
D:5 2 transporters


Innate Abilities, Weirdness & Mutations

You are a tree.
Your roots penetrate the ground, keeping you stationary.
You cannot be teleported.
You are immune to unholy pain and torment.
Your maximum health is greatly increased.
Your equipment is partially melded.
You are too large for most types of armour.
((You have claws for hands.))
Your natural rate of healing is unusually fast.
((You are covered in fur. (AC +1)))
((You have tough skin. (AC +1)))


Message History

The wight is heavily damaged.
The wight hits you with a +2 short sword of draining!
You feel drained. x2
You scratch the wight.
The wight is severely damaged.
The wight hits you with a +0 hand axe!
You feel drained. The wight closely misses you.
You mangle the wight!!
You destroy the wight!
The wight hits you with a +4 battleaxe! The wight barely misses you.
You have reached level 8!
You closely miss the wight.
The wight hits you with a +2 short sword of draining.
You feel drained. The wight hits you with a +4 battleaxe!
* * * LOW HITPOINT WARNING * * *
You barely miss the wight. The wight closely misses you.
The wight hits you with a +4 battleaxe!
* * * LOW HITPOINT WARNING * * *
Your transformation has ended.
You turn into a tree.
Your +0 animal skin melds into your body.
Your roots penetrate the ground.
The wight hits you but does no damage.
You feel drained. The wight hits you but does no damage.
You closely miss the wight. The wight hits you but does no damage.
The wight hits you with a +2 short sword of draining.
* * * LOW HITPOINT WARNING * * *
You feel drained.
* * * LOW HITPOINT WARNING * * *
You feel drained.
You smack the wight!
The wight is heavily damaged.
You barely miss the wight.
The wight is heavily damaged.
The wight hits you but does no damage.
You feel drained. The wight hits you with a +4 battleaxe!
* * * LOW HITPOINT WARNING * * *
It was a potion of invisibility.
You fade into invisibility!
The wight hits you with a +4 battleaxe!
You die...

.. ..# ...####
..#
.......####..
##
.......#.....
...
............
....
#.........B#
..... +.
#.......#......
#.##.#....♣z.#
#.#..#....)z.#
#.#.....)#.###
#........#.#
##.........#
#####.#..#.##.#
#.......##....#
#####.#######+#
####.#


You could see a bombardier beetle (unable to see you) and 2 wights.

Vanquished Creatures
  Eustachio (D:4)
  A black bear (D:5)
  2 ogres
  Blork the orc (D:4)
  A scorpion (D:4)
  2 wights (D:6)
  A jelly (D:5)
  A sleepcap (D:5)
  An orc wizard (D:3)
  2 iguanas (D:5)
  Natasha (D:4)
  Robin (D:2)
  5 adders
  2 shadow imps (D:5)
  A white imp (D:5)
  6 ufetubi (D:5)
  5 dart slugs
  6 orcs
  11 ball pythons
  9 endoplasms
  A giant cockroach (D:2)
  14 goblins
  11 hobgoblins
  5 jackals (D:2)
  3 quokkas
  8 bats
  6 frilled lizards
  6 kobolds
  9 rats
123 creatures vanquished.

Notes
Turn   | Place    | Note
-------+----------+-------------------------------------------
     0 | D:1      | Alphaeus the Troll Shapeshifter began the quest for the
                  | Orb.
     0 | D:1      | Reached XP level 1. HP: 18/18 MP: 0/0
    67 | D:1      | Reached skill level 1 in Fighting
    80 | D:1      | Reached XP level 2. HP: 27/27 MP: 1/1
   265 | D:1      | Reached XP level 3. HP: 30/33 MP: 2/2
   391 | D:1      | Found a faded altar of an unknown god.
   792 | D:2      | Noticed Robin
   824 | D:2      | Killed Robin
   825 | D:2      | Reached XP level 4. HP: 34/41 MP: 3/3
  1421 | D:3      | Reached XP level 5. HP: 25/49 MP: 4/4
  1683 | D:3      | Found a burning altar of Makhleb.
  1801 | D:3      | Found an opulent altar of Gozag.
  2010 | D:3      | Found a sacrificial altar of Ru.
  2010 | D:3      | Found a glowing golden altar of the Shining One.
  2079 | D:3      | Noticed a green death
  2622 | D:4      | Noticed Natasha
  2627 | D:4      | Killed Natasha
  2763 | D:4      | Noticed Blork the orc
  2770 | D:4      | Killed Blork the orc
  2771 | D:4      | Reached XP level 6. HP: 42/57 MP: 5/5
  2862 | D:4      | Reached skill level 5 in Unarmed Combat
  2982 | D:4      | Reached skill level 5 in Shapeshifting
  3019 | D:4      | Noticed Eustachio
  3036 | D:4      | Killed Eustachio
  3037 | D:4      | Reached XP level 7. HP: 56/66 MP: 6/6
  3259 | D:5      | Entered Level 5 of the Dungeon
  3481 | D:5      | Found a transporter.
  3496 | D:5      | Found a transporter.
  3925 | D:6      | Reached XP level 8. HP: 38/71 MP: 7/7
  3931 | D:6      | Slain by a wight

Illustrated notes

Levels and vault maps discovered:
D:1:      spicycebolla_arrival_transporter_tutorial, layout_loops_ring,
          hellmonk_ecumenical_altar_blasted, chequers_serial_rivers_micro_e,
          minmay_circled_x
D:2:      layout_basic, uniq_robin
D:3:      layout_basic, grunt_gozag_breadcrumbs, makhleb_altar_promises_db,
          nicolae_overflow_two_pavilions, chequers_serial_rivers_small_3,
          minmay_pentangle
D:4:      layout_cave_pods, uniq_eustachio, uniq_blork_the_orc, uniq_natasha
D:5:      gammafunk_steamed_eel, layout_basic, ebering_dispersal_statue_hall,
          nicolae_figureground_pulse
D:6:      layout_basic, serial_shops, nicolae_shop_pleasant_corner_grove,
          kennysheep_pointless_box, interstate_on_off, nicolae_shop_vocational,
          uniq_duvessa, uniq_sigmund, uniq_pikel, uniq_jeremiah

Skill      XL: |  1  2  3  4  5  6  7 |
---------------+----------------------+-----
Fighting       | 1 2 3 |  3.3
Unarmed Combat | 4 5 6 |  6.5
Shapeshifting  | 4 5 6 |  6.1
Dodging        | |  1.5

Action                     |  1- 3 |  4- 6 |  7- 9 || total
---------------------------+-------+-------+-------++-------
  Melee: Unarmed           |   105 |   112 |    58 ||   275
         Punch             |     4 |     2 |     2 ||     8
    Use: Potion            |       |     1 |     2 ||     3
   Stab: Sleeping          |       |     1 |     1 ||     2
 Armour: Animal skin       |    58 |    73 |    51 ||   182
         Skin              |       |    22 |     7 ||    29
  Dodge: Dodged            |    54 |    44 |    49 ||   147
